 Dungeon Crawl Stone Soup version 0.28-a0-128-gcbb86046cc (webtiles) character file.

Game seed: 11765442033363448683

53 siradein the Slasher (level 3, -1/27 HPs)
             Began as a Demonspawn Gladiator on Aug 16, 2021.
             Succumbed to an adder's poison
             ... on level 3 of the Dungeon.
             The game lasted 00:05:00 (2110 turns).

siradein the Slasher (Demonspawn Gladiator)         Turns: 2110, Time: 00:05:01

Health: -1/27      AC:  9    Str: 15    XL:     3   Next: 64%
Magic:  3/3        EV:  2    Int:  9    God:
Gold:   105        SH: 10    Dex: 14    Spells: 2/2 levels left

rFire   . . .      SeeInvis .   a - +0 long sword
rCold   . . .      Faith    .   e - +0 tower shield
rNeg    . . .      Spirit   .   f - +0 chain mail
rPois   .          Reflect  .   c - +0 helmet
rElec   .          Harm     .   (no cloak)
rCorr   .          Rampage  .   (no gloves)
Will    .....                   (no boots)
Stlth   ..........              (no amulet)
HPRegen 0.09/turn               (no ring)
MPRegen 0.16/turn               (no ring)

@: lethally poisoned (-1 -> -8)
A: hooves 1, magic regeneration
a: no special abilities


You were on level 3 of the Dungeon.
You visited 1 branch of the dungeon, and saw 3 of its levels.

You collected 105 gold pieces.

Inventory:

Hand Weapons
 a - a +0 long sword (weapon)
Missiles
 d - 3 throwing nets (quivered)
Armour
 c - a +0 helmet (worn)
 e - a +0 tower shield (worn)
 f - a +0 chain mail (worn)
Jewellery
 g - a ring of protection from fire
Scrolls
 h - a scroll of holy word {unknown}
 j - a scroll of enchant armour {unknown}
 l - a scroll of noise {unknown}
 n - a scroll of brand weapon {unknown}
Potions
 b - 2 potions of curing {unknown}
 i - a potion of flight {unknown}
 k - a potion of cancellation {unknown}
 m - a potion of heal wounds {unknown}
 o - a potion of invisibility {unknown}


   Skills:
 - Level 2.0 Fighting
 + Level 4.2 Long Blades
 - Level 1.7 Throwing
 - Level 2.6 Dodging


You had 2 spell levels left.
You didn't know any spells.
Your spell library was empty.

Dungeon Overview and Level Annotations

Branches:
Dungeon (3/15)

Altars:

Shops:
D:2 =

Annotations:
D:3 Robin


Innate Abilities, Weirdness & Mutations

You have large cloven feet.
You regenerate magic rapidly.


Message History

Robin throws the goblin at you!
The hobgoblin hits you but does no damage.
The goblin hits you with a +0 dagger.
You hit the hobgoblin.
You kill the hobgoblin!
You block the goblin's attack.
A giant cockroach comes into view.
You block the adder's attack. The goblin barely misses you.
You closely miss the adder. Your kick misses the adder. The adder bites you.
You are poisoned.
The adder poisons you! You block the goblin's attack. The adder bites you.
Robin roars a battlecry!
The goblin hits you with a +0 dagger.
You hear a shout!
You miss the adder. Your kick misses the adder.
You feel very sick. The adder bites you. You block the adder's attack.
The goblin hits you with a +0 dagger.
You are too injured to fight recklessly!
You are too injured to fight recklessly!
Unknown command.
You closely miss the goblin.
You feel sick. You block the adder's attack.
A goblin comes into view. It is wielding a +0 club.
You block the goblin's attack. The adder bites you.
You block the goblin's attack. The adder bites you.
* * * LOW HITPOINT WARNING * * *
You hit the goblin.
You kill the goblin!
You feel sick. The adder bites you.
* * * LOW HITPOINT WARNING * * *
You are lethally poisoned!
The adder poisons you! Robin throws the goblin at you!
A hobgoblin comes into view.
The adder bites you but does no damage. You block the goblin's attack.
Robin roars a battlecry!
The hobgoblin goes into a battle-frenzy!
A goblin comes into view. It is wielding a +0 club.
You slash the goblin!
You kill the goblin!
You die...

############
...........#
##########.######## #
#......... #
#..####### # #..# #
#######..#########.##
#
#...........)@SgggBgg
#
#.#####..#########g##
# #.# #..# # #.# #..#
####.#####..#
...<........#
##>..######.. #.###
### #.#


You could see Robin, an adder, a giant cockroach, a hobgoblin (strong) and 4
goblins.

Vanquished Creatures
  An adder (D:2)
  A dart slug (D:1)
  2 ball pythons (D:2)
  3 endoplasms
  A giant cockroach (D:2)
  5 goblins
  2 hobgoblins
  11 jackals
  2 kobolds (D:2)
  A quokka (D:1)
  2 bats
  2 frilled lizards (D:1)
  5 rats
38 creatures vanquished.

Notes
Turn   | Place    | Note
-------+----------+-------------------------------------------
     0 | D:1      | siradein the Demonspawn Gladiator began the quest for the
                  | Orb.
     0 | D:1      | Reached XP level 1. HP: 16/16 MP: 1/1
   229 | D:1      | Reached skill level 3 in Long Blades
   469 | D:1      | Gained mutation: You have large cloven feet. [demonic
                  | ancestry]
   469 | D:1      | Reached XP level 2. HP: 12/22 MP: 2/2
   944 | D:1      | Found a faded altar of an unknown god.
  1470 | D:2      | Gained mutation: You regenerate magic rapidly. [demonic
                  | ancestry]
  1470 | D:2      | Reached XP level 3. HP: 18/27 MP: 3/3
  1747 | D:2      | Reached skill level 4 in Long Blades
  1798 | D:2      | Found Amupyan's Jewellery Shoppe.
  2102 | D:3      | Noticed Robin
  2110 | D:3      | Succumbed to an adder's poison

Illustrated notes

Levels and vault maps discovered:
D:1:      co_arrival_square_in_a_square_in_a_square, layout_basic,
          hellmonk_ecumenical_altar_pennies_from_heaven
D:2:      layout_rooms, serial_shops, shop
D:3:      layout_loops_ring, uniq_terence, uniq_crazy_yiuf_cottage, uniq_robin,
          uniq_jessica

Skill      XL: |  1  2  3 |
---------------+----------+-----
Long Blades    | 3 4 |  4.2
Fighting       | |  2.0
Throwing       | |  1.7
Dodging        | |  2.6

Action                   || total
-------------------------++-------
Melee: Long sword        ||   108
       Kick              ||    16
Armor: Chain mail        ||    99
       Leather armour    ||     9
Dodge: Dodged            ||    12
Block: Tower shield      ||   108
       Rpst.: Long sword ||     3

Table legend: (Time is in decaauts)
 A = Elapsed time spent in this place.
 B = Non-inter-level travel time spent in this place.
 C = Inter-level travel time spent in this place.
 D = Time resting spent in this place.
 E = Time spent auto-exploring this place.
 F = Levels seen in this place.
 G = Mean time per level.
                   A        B        C        D        E       F      G
               +--------+--------+--------+--------+--------+-----+--------+
         Total |   2188 |   2167 |     21 |    130 |   1702 |   3 |  729.3 |
       Dungeon |   2188 |   2167 |     21 |    130 |   1702 |   3 |  729.3 |
               +--------+--------+--------+--------+--------+-----+--------+

Top non-repeatable levels by time:
     D:1: 1427 daAuts
     D:2: 707 daAuts
     D:3: 52 daAuts
